[Event "Titled Tuesday Blitz November 14 Late 2023"]
[White "Omelja, Artem"]
[Black "ATM622"]
[WhiteFideId "14119846"]
[WhiteElo "2595"]
[BlackElo "2448"]
[Result "1-0"]
[Round "8"]
[TimeControl "180+1"]
[Date "2023.11.14"]
[WhiteClock "0:00:15"]
[BlackClock "0:00:00"]
[Board "53"]

1. e4 c6 2. d4 d5 3. exd5 cxd5 4. Bd3 Nc6 5. c3 Qc7 6. Na3 Nf6 7. Nb5 Qb8 8. Ne2 e5 9. dxe5 Nxe5 10. Bf4 a6 11. Nbd4 Bd6 12. Bg3 O-O 13. O-O Ne4 14. Qc2 Nxd3 15. Qxd3 Bd7 16. Rad1 Re8 17. Bxd6 Qxd6 18. Ng3 Rad8 19. Rfe1 Qf4 20. Qe3 Qxe3 21. Rxe3 Nxg3 22. Rxe8+ Rxe8 23. hxg3 f6 24. f3 Kf7 25. Kf2 Rc8 26. Ne2 Bc6 27. g4 Ke6 28. Rd2 Kd6 29. Nd4 Bd7 30. a3 Re8 31. Nc2 Kc5 32. Ne3 Bc6 33. Nf5 g6 34. Ne3 b5 35. Nc2 Kc4 36. Nd4 Bd7 37. Rd1 a5 38. Rh1 Re7 39. Rc1 a4 40. Rd1 Be8 41. Rd2 Bd7 42. Re2 Rxe2+ 43. Kxe2 Bc8 44. Kd2 1-0


[Site "https://www.chess.com"]

[Event "Titled Tuesday Blitz November 14 Late 2023"]
[White "Yelisieiev, Yevhenii"]
[Black "Saya, Ethan"]
[WhiteFideId "14139642"]
[BlackFideId "26095181"]
[WhiteElo "2594"]
[BlackElo "2440"]
[Result "0-1"]
[Round "8"]
[TimeControl "180+1"]
[Date "2023.11.14"]
[WhiteClock "0:00:00"]
[BlackClock "0:00:10"]
[Board "54"]

1. d4 d5 2. Nf3 Nf6 3. c4 c6 4. Nc3 e6 5. e3 Nbd7 6. Qc2 Bd6 7. b3 O-O 8. Be2 b6 9. O-O Bb7 10. Bb2 Rc8 11. Rad1 Bb8 12. e4 dxe4 13. Nxe4 Nxe4 14. Qxe4 Nf6 15. Qh4 Qe7 16. Rfe1 Rfd8 17. Bd3 h6 18. Bb1 Qf8 19. c5 Nd5 20. Rc1 Bf4 21. Rc2 Qe7 22. Qg4 Qf6 23. a3 Bb8 24. Ne5 Qg5 25. Qxg5 hxg5 26. Bc1 Nf4 27. g3 Bxe5 28. dxe5 Nd3 29. Re3 Nxc5 30. Bd2 Nd7 31. Re1 g4 32. Bg5 Re8 33. Rd2 Nc5 34. b4 Na4 35. Rd7 Rb8 36. Be4 Nc3 37. Bc2 c5 38. bxc5 bxc5 39. Re3 Nd5 40. Rb3 Bc6 41. Rxb8 Rxb8 42. Rxa7 Rb2 43. Be4 Re2 44. Bxd5 Re1+ 45. Kg2 Bxd5+ 46. f3 gxf3+ 47. Kf2 Re2+ 48. Kf1 Rxh2 49. Rc7 Ra2 50. Rxc5 Rxa3 51. Rc7 Ra1+ 52. Kf2 Ra2+ 53. Kf1 Re2 54. Bf4 Rh2 55. Kg1 Rg2+ 56. Kf1 Rb2 57. Rc8+ Kh7 58. Rc7 Kg6 59. Rc1 Rh2 60. Rc7 Rh1+ 61. Kf2 Rh2+ 62. Kf1 Ra2 63. Re7 Be4 64. Rc7 Bf5 65. Be3 Bh3+ 66. Ke1 Re2+ 67. Kd1 Rxe3 68. Rc3 Rxc3 69. Kd2 Rc5 70. Ke3 Rxe5+ 71. Kf4 Rf5+ 72. Ke3 f2 73. g4 f1=Q 74. gxf5+ Qxf5 75. Kd2 Bg4 0-1


[Site "https://www.chess.com"]

[Event "Titled Tuesday Blitz November 14 Late 2023"]
[White "Arnold, Ken"]
[Black "Lymar, Vladislav"]
[WhiteFideId "2056836"]
[BlackFideId "14162180"]
[WhiteElo "2424"]
[BlackElo "2587"]
[Result "0-1"]
[Round "8"]
[TimeControl "180+1"]
[Date "2023.11.14"]
[WhiteClock "0:00:00"]
[BlackClock "0:00:10"]
[Board "55"]

1. d4 d6 2. c4 e5 3. dxe5 dxe5 4. Qxd8+ Kxd8 5. Nc3 Nf6 6. Bg5 Be6 7. O-O-O+ Kc8 8. e3 Nbd7 9. Nf3 c6 10. a3 Ng4 11. Bh4 f6 12. h3 Nh6 13. g4 Nf7 14. Be2 Nc5 15. Nd2 a5 16. Nce4 Na4 17. f4 Be7 18. Bg3 Kc7 19. f5 Bd7 20. Nb1 Nc5 21. Nxc5 Bxc5 22. Bf2 Nd6 23. Nc3 g6 24. fxg6 hxg6 25. Na4 Ba7 26. Bd3 b5 27. cxb5 cxb5 28. Nc3 Bc6 29. Rh2 b4 30. Nb1 f5 31. Bg3 Rae8 32. Kc2 Bxe3 33. gxf5 gxf5 34. Re1 f4 35. Bf2 Bxf2 36. Rxf2 Rxh3 37. axb4 axb4 38. Nd2 e4 39. Bf1 Rh4 40. Nc4 e3 0-1


[Site "https://www.chess.com"]

[Event "Titled Tuesday Blitz November 14 Late 2023"]
[White "Jimenez Ruano, Adrian"]
[Black "Prithu Gupta"]
[WhiteFideId "22276050"]
[BlackFideId "46618546"]
[WhiteElo "2418"]
[BlackElo "2571"]
[Result "0-1"]
[Round "8"]
[TimeControl "180+1"]
[Date "2023.11.14"]
[WhiteClock "0:00:07"]
[BlackClock "0:00:19"]
[Board "56"]

1. d4 Nf6 2. c4 e6 3. Nc3 d5 4. cxd5 exd5 5. Bg5 Be7 6. e3 c6 7. Bd3 O-O 8. Nge2 Nbd7 9. O-O Re8 10. Qc2 Nf8 11. f3 b5 12. Bh4 a5 13. Rad1 Bb7 14. Kh1 Rc8 15. h3 Ng6 16. Bf2 Bd6 17. e4 b4 18. Na4 dxe4 19. fxe4 c5 20. dxc5 Nxe4 21. Bxe4 Bxe4 22. Qb3 Qg5 23. Rg1 Qf5 24. Rdf1 Bb8 25. Nb6 Rcd8 26. Bh4 Bxg2+ 27. Kxg2 Rxe2+ 28. Bf2 Nh4+ 29. Kh1 Qe4+ 0-1


[Site "https://www.chess.com"]

[Event "Titled Tuesday Blitz November 14 Late 2023"]
[White "Kubatko, Ivan"]
[Black "Likvidator228"]
[WhiteFideId "24111473"]
[WhiteElo "2424"]
[BlackElo "2570"]
[Result "1/2-1/2"]
[Round "8"]
[TimeControl "180+1"]
[Date "2023.11.14"]
[WhiteClock "0:00:04"]
[BlackClock "0:00:07"]
[Board "57"]

1. e4 c5 2. c3 Nf6 3. e5 Nd5 4. g3 d6 5. exd6 Qxd6 6. Bg2 e6 7. Nf3 Be7 8. O-O O-O 9. d4 cxd4 10. Nxd4 a6 11. c4 Nf6 12. Nc3 Qc7 13. Qe2 e5 14. Nf3 Bg4 15. h3 Bxf3 16. Bxf3 Nc6 17. Be3 Nd4 18. Bxd4 exd4 19. Nd5 Nxd5 20. Bxd5 Bf6 21. Qf3 Rab8 22. Rac1 b6 23. Kg2 Rfe8 24. b4 a5 25. a3 axb4 26. axb4 Qe5 27. Rfe1 Qd6 28. c5 bxc5 29. bxc5 Qc7 30. Rxe8+ Rxe8 31. c6 h6 32. Rb1 Rf8 33. Rb7 Qd6 34. Rd7 Qc5 35. Qb3 Kh7 36. Qc4 Qxc4 37. Bxc4 Rc8 38. Bb5 Kg6 39. Kf3 Be5 40. Ke4 f6 41. f4 Bc7 42. Kxd4 Rd8 43. Bd3+ f5 44. Kd5 Kf6 45. Ba6 Rxd7+ 46. cxd7 g5 47. fxg5+ hxg5 48. g4 fxg4 49. hxg4 Bd8 50. Bd3 Ke7 51. Bf5 Bc7 52. Kc6 Kd8 53. Kb7 Bf4 54. Kc6 Be3 55. Kd5 Bf4 56. Ke6 Be3 57. Be4 Bf4 58. Bb7 Be3 59. Bc8 Bf4 60. Kf5 Be3 61. Kg6 Bf4 62. Kf5 Be3 1/2-1/2


[Site "https://www.chess.com"]

[Event "Titled Tuesday Blitz November 14 Late 2023"]
[White "Melikhov, Evgeny V."]
[Black "Kuznecovs, Nikita"]
[WhiteFideId "4122046"]
[BlackFideId "11604557"]
[WhiteElo "2410"]
[BlackElo "2562"]
[Result "1-0"]
[Round "8"]
[TimeControl "180+1"]
[Date "2023.11.14"]
[WhiteClock "0:00:35"]
[BlackClock "0:00:00"]
[Board "58"]

1. d4 d6 2. e4 c5 3. d5 a6 4. a4 e5 5. Nc3 Be7 6. f4 exf4 7. Bxf4 Bg5 8. Qd2 Bxf4 9. Qxf4 Qf6 10. g3 Nd7 11. Nf3 Nf8 12. e5 dxe5 13. Qxe5+ Qxe5+ 14. Nxe5 Ng6 15. Nc4 Nf6 16. Nd6+ Ke7 17. Nxc8+ Raxc8 18. Bh3 Rce8 19. O-O-O Kd6 20. a5 Re3 21. Na4 Ne5 22. Nb6 Ne4 23. Rhe1 Rxe1 24. Rxe1 Nf2 25. Bc8 f6 26. Bxb7 h5 27. Bxa6 h4 28. Nc4+ Nxc4 29. Bxc4 hxg3 30. hxg3 Ng4 31. a6 Ne5 32. b3 Ra8 33. Kb2 Kc7 34. Ra1 Kb6 35. Kc3 Nf7 36. Be2 1-0


[Site "https://www.chess.com"]

[Event "Titled Tuesday Blitz November 14 Late 2023"]
[White "Skaric, Djuro"]
[Black "Ozates, Tuna"]
[WhiteFideId "934569"]
[BlackFideId "6354521"]
[WhiteElo "2386"]
[BlackElo "2560"]
[Result "0-1"]
[Round "8"]
[TimeControl "180+1"]
[Date "2023.11.14"]
[WhiteClock "0:00:27"]
[BlackClock "0:00:47"]
[Board "59"]

1. g3 c5 2. Bg2 Nc6 3. d3 g6 4. e4 Bg7 5. Nc3 d6 6. f4 e6 7. Nf3 Nge7 8. O-O O-O 9. g4 f5 10. exf5 gxf5 11. g5 Rb8 12. h4 b5 13. h5 b4 14. Ne2 Bb7 15. Ng3 Qd7 16. h6 Bh8 17. Nh4 Ng6 18. Qh5 Nce7 19. Bxb7 Rxb7 20. Nxg6 Nxg6 21. Qf3 a5 22. Nh5 e5 23. Qd5+ Qf7 24. Qxd6 Rd7 25. Qxc5 e4 26. Be3 Bxb2 27. Qxa5 exd3 28. cxd3 Rxd3 29. Rab1 Bc3 30. Bc5 Nh4 31. Nf6+ Bxf6 32. Rb3 Qd5 33. Rf2 Rd1+ 34. Kh2 Qh1+ 35. Kg3 Rg1+ 36. Rg2 Rxg2# 0-1


[Site "https://www.chess.com"]

[Event "Titled Tuesday Blitz November 14 Late 2023"]
[White "Weak-Player_EGY"]
[Black "Shapiro, Viktor"]
[BlackFideId "4175700"]
[WhiteElo "2379"]
[BlackElo "2559"]
[Result "0-1"]
[Round "8"]
[TimeControl "180+1"]
[Date "2023.11.14"]
[WhiteClock "0:01:03"]
[BlackClock "0:00:50"]
[Board "60"]

1. c4 Nf6 2. Nf3 c5 3. g3 Nc6 4. Bg2 g6 5. O-O Bg7 6. Nc3 O-O 7. d4 cxd4 8. Nxd4 Ng4 9. Nxc6 bxc6 10. e4 Ne5 11. Qe2 Ba6 12. b3 Nxc4 13. bxc4 Bxc3 14. Bh6 Bg7 15. Bxg7 Kxg7 16. Rfd1 e5 17. Rd6 Qe7 18. Rad1 Rfd8 19. Bh3 Rab8 20. Qc2 Rb4 21. Rxd7 Rxd7 22. Rxd7 Qf6 23. c5 Rc4 24. Qd2 Rxc5 25. Rxa7 Bb5 26. a4 Bc4 27. Qb4 Qd6 28. Rd7 Qf8 29. Rd2 Ba6 30. Rd1 Rc4 31. Qxf8+ Kxf8 32. Ra1 Rxe4 33. Bg2 Rb4 34. Bxc6 Ke7 35. Rd1 f5 36. Rd7+ Kf6 37. Ra7 Rb1+ 38. Kg2 Bf1+ 39. Kf3 Rb3# 0-1


[Site "https://www.chess.com"]

[Event "Titled Tuesday Blitz November 14 Late 2023"]
[White "Ismayil, Malak"]
[Black "Szente Varga, Fruzsina"]
[WhiteFideId "13412604"]
[BlackFideId "712264"]
[WhiteElo "2547"]
[BlackElo "2361"]
[Result "0-1"]
[Round "8"]
[TimeControl "180+1"]
[Date "2023.11.14"]
[WhiteClock "0:00:00"]
[BlackClock "0:00:06"]
[Board "61"]

1. e4 c5 2. Nf3 Nc6 3. Bb5 g6 4. Bxc6 dxc6 5. d3 Bg7 6. Nc3 c4 7. Be3 Bg4 8. dxc4 Bxc3+ 9. bxc3 Qxd1+ 10. Rxd1 Nf6 11. Bd4 O-O 12. Bxf6 exf6 13. O-O Rfe8 14. Rfe1 Rad8 15. Rxd8 Rxd8 16. Nd4 c5 17. Nb3 b6 18. f3 Be6 19. Kf2 Bxc4 20. Ke3 Kf8 21. Nd2 Be6 22. a4 Ke7 23. f4 Bd7 24. Ra1 Bc6 25. a5 b5 26. Nb3 c4 27. Nd4 Kd6 28. Rd1 Kc7 29. g4 a6 30. h4 Bb7 31. e5 fxe5 32. fxe5 Re8 33. Kf4 Bd5 34. Re1 Be6 35. Kg5 h5 36. gxh5 gxh5 37. Nxe6+ fxe6 38. Kxh5 Rg8 39. Rd1 Rg2 40. Rd6 Rxc2 41. Rxe6 Rxc3 42. Rxa6 Re3 43. e6 c3 44. Ra7+ Kc6 45. Ra8 Kb7 46. Rf8 c2 47. Rf1 Rxe6 48. Rc1 Rc6 49. Kg5 b4 50. h5 b3 51. h6 b2 52. Re1 c1=Q+ 0-1


[Site "https://www.chess.com"]

[Event "Titled Tuesday Blitz November 14 Late 2023"]
[White "Pourkashiyan, Atousa"]
[Black "Djordjevic, Dejan N"]
[WhiteFideId "12502014"]
[BlackFideId "913316"]
[WhiteElo "2541"]
[BlackElo "2080"]
[Result "0-1"]
[Round "8"]
[TimeControl "180+1"]
[Date "2023.11.14"]
[WhiteClock "0:00:21"]
[BlackClock "0:00:14"]
[Board "62"]

1. e4 c5 2. Nf3 Nc6 3. d4 cxd4 4. Nxd4 Nf6 5. Nc3 Qb6 6. Nb3 e6 7. Be3 Qc7 8. Be2 a6 9. O-O b5 10. Bf3 d6 11. Re1 Rb8 12. a3 Be7 13. g3 Ne5 14. Bg2 Nc4 15. Bc1 O-O 16. h3 Bb7 17. Nd2 Nb6 18. Kh2 Rfc8 19. f4 Rd8 20. Nf3 Nc4 21. g4 Ba8 22. g5 Nd7 23. Kh1 a5 24. f5 b4 25. axb4 axb4 26. Nb1 exf5 27. exf5 Nce5 28. Nbd2 Rbc8 29. f6 gxf6 30. gxf6 Bxf6 31. Ne4 Qxc2 32. Nxf6+ Nxf6 33. Bg5 Qxd1 34. Rexd1 Kg7 35. Nxe5 Bxg2+ 36. Kxg2 dxe5 37. Rxd8 Rxd8 38. Rf1 Rd6 39. Re1 h6 40. Bh4 Nd7 41. Bg3 f6 42. Re2 Rd3 43. Bf2 Kg6 44. Re4 b3 45. Rg4+ Kf5 46. Rb4 Nf8 47. Rxb3 Rxb3 48. h4 Rxb2 49. h5 Ne6 50. Kf3 e4+ 51. Ke3 Rxf2 52. Kxf2 Kf4 0-1


[Site "https://www.chess.com"]

[Event "Titled Tuesday Blitz November 14 Late 2023"]
[White "Ventura Bolet, Maxim"]
[Black "Goltsev, Dmitry"]
[WhiteFideId "22238824"]
[BlackFideId "24176710"]
[WhiteElo "2494"]
[BlackElo "2706"]
[Result "1/2-1/2"]
[Round "8"]
[TimeControl "180+1"]
[Date "2023.11.14"]
[WhiteClock "0:00:12"]
[BlackClock "0:00:11"]
[Board "63"]

1. Nf3 d5 2. g3 c6 3. Bg2 Nf6 4. O-O g6 5. c4 Bg7 6. d4 dxc4 7. Na3 O-O 8. Nxc4 Nbd7 9. Qc2 Nb6 10. Nxb6 Qxb6 11. e4 Bg4 12. Be3 Qb5 13. h3 Bd7 14. a4 Qh5 15. g4 Nxg4 16. hxg4 Bxg4 17. Nh2 Be6 18. f4 Rad8 19. Rad1 f5 20. d5 cxd5 21. exd5 Bf7 22. Bxa7 Rc8 23. Qf2 Rc4 24. b3 Rb4 25. Rd3 b6 26. Rh3 Qxh3 27. Bxh3 Bd4 28. Qxd4 Rxd4 29. Bxb6 Rxd5 30. Bg2 Rd2 31. a5 Bxb3 32. a6 Rb8 33. a7 Rxg2+ 34. Kxg2 Bd5+ 35. Nf3 Rxb6 36. Ra1 Ba8 37. Rc1 Rc6 38. Rb1 Rc2+ 39. Kg3 Be4 40. Rb8+ Kg7 41. a8=Q Bxa8 42. Rxa8 Rc3 43. Ra7 Kf6 44. Kf2 h6 45. Ra6+ Kg7 46. Ne5 g5 47. fxg5 hxg5 48. Rg6+ Kf8 49. Rxg5 e6 50. Rg6 Ke7 51. Nf3 Rd3 52. Rg7+ Kf6 53. Rf7+ Kxf7 54. Ne5+ Kf6 55. Nxd3 e5 56. Ke3 Ke6 57. Kf3 e4+ 58. Ke3 exd3 59. Kxd3 Kf6 60. Ke3 Kg5 61. Kf3 f4 62. Kf2 Kg4 63. Kg2 f3+ 64. Kf2 Kf4 65. Kf1 Ke4 66. Kf2 Kf4 67. Kf1 Ke3 68. Ke1 f2+ 69. Kf1 Kd2 70. Kxf2 1/2-1/2


[Site "https://www.chess.com"]

[Event "Titled Tuesday Blitz November 14 Late 2023"]
[White "Shuvalova, Polina"]
[Black "WindWhistler11"]
[WhiteFideId "24171760"]
[WhiteElo "2668"]
[BlackElo "2490"]
[Result "0-1"]
[Round "8"]
[TimeControl "180+1"]
[Date "2023.11.14"]
[WhiteClock "0:00:32"]
[BlackClock "0:00:40"]
[Board "64"]

1. e4 e6 2. d4 d5 3. exd5 exd5 4. Nf3 Nc6 5. Bd3 Bg4 6. c3 Nge7 7. O-O f6 8. Bf4 Qd7 9. Nbd2 g5 10. Bg3 h5 11. h3 Bf5 12. Bxf5 Nxf5 13. Re1+ Nce7 14. Qe2 Kf7 15. Nf1 Ng6 16. Qd3 Bd6 17. Bxd6 Nxd6 18. Re3 Nf4 19. Qc2 Nf5 20. Re5 Nh4 21. N1h2 Nhxg2 22. Nxg5+ fxg5 23. Rf5+ Ke7 24. Nf3 Raf8 25. Ne5 Qxf5 0-1


[Site "https://www.chess.com"]

[Event "Titled Tuesday Blitz November 14 Late 2023"]
[White "Wanyama, Harold"]
[Black "Maltsevskaya, Aleksandra"]
[WhiteFideId "10000380"]
[BlackFideId "24174041"]
[WhiteElo "2445"]
[BlackElo "2637"]
[Result "0-1"]
[Round "8"]
[TimeControl "180+1"]
[Date "2023.11.14"]
[WhiteClock "0:00:05"]
[BlackClock "0:00:06"]
[Board "65"]

1. d4 Nf6 2. c4 g6 3. Nc3 d6 4. e4 Bg7 5. f3 O-O 6. Be3 a6 7. Nge2 Nc6 8. d5 Na5 9. Nc1 c5 10. dxc6 bxc6 11. Qd2 Be6 12. b3 d5 13. cxd5 cxd5 14. e5 Nd7 15. f4 Rc8 16. Bxa6 Ra8 17. Be2 Nb6 18. O-O Nc6 19. Bf3 d4 20. Bxc6 dxe3 21. Qxe3 Rc8 22. Bf3 Qc7 23. N1e2 Rfd8 24. Rac1 Qb8 25. Nd4 Bd7 26. Rfd1 e6 27. Ncb5 Bf8 28. Kh1 Bc5 29. Qe2 Nd5 30. Bxd5 exd5 31. a4 Bxb5 32. Nxb5 d4 33. Qe4 Bb6 34. Nd6 Rxc1 35. Rxc1 Qa7 36. h4 Qe7 37. f5 Rxd6 38. Rc8+ Rd8 39. f6 Qe8 40. Rxd8 Qxd8 41. e6 fxe6 42. Qxe6+ Kf8 43. h5 gxh5 44. f7 d3 45. Qh6+ Kxf7 46. Qxh7+ Ke6 47. Qh6+ Kd5 48. Qxh5+ Kc6 49. Qg6+ Kb7 50. Qe4+ Ka7 51. Qh7+ Kb8 52. Qh2+ Bc7 53. Qh5 d2 54. Qb5+ Bb6 55. Qe5+ Ka7 56. Qg7+ Qc7 57. Qd4 Bxd4 0-1


[Site "https://www.chess.com"]

[Event "Titled Tuesday Blitz November 14 Late 2023"]
[White "GatoRojo150"]
[Black "MFatigue"]
[WhiteElo "2624"]
[BlackElo "2485"]
[Result "1-0"]
[Round "8"]
[TimeControl "180+1"]
[Date "2023.11.14"]
[WhiteClock "0:00:32"]
[BlackClock "0:00:15"]
[Board "66"]

1. e4 e6 2. d4 d5 3. Nc3 Nf6 4. Bg5 Be7 5. e5 Nfd7 6. h4 h6 7. Be3 c5 8. Qg4 Kf8 9. dxc5 Nxe5 10. Qg3 Nbc6 11. O-O-O Qa5 12. Nf3 Nxf3 13. gxf3 Bxc5 14. Rg1 g6 15. h5 g5 16. f4 d4 17. Bd2 Rg8 18. Nb1 Qxa2 19. fxg5 Bd7 20. Bb5 a6 21. Bxc6 Bxc6 22. g6 Ke7 23. Qc7+ Kf6 24. Qxf7+ Ke5 25. Rde1+ Kd5 26. Qxe6# 1-0


[Site "https://www.chess.com"]

[Event "Titled Tuesday Blitz November 14 Late 2023"]
[White "Guerra Tulcan, Lenin"]
[Black "PoXerStar"]
[WhiteFideId "3601382"]
[WhiteElo "2595"]
[BlackElo "2438"]
[Result "0-1"]
[Round "8"]
[TimeControl "180+1"]
[Date "2023.11.14"]
[WhiteClock "0:00:09"]
[BlackClock "0:00:10"]
[Board "67"]

1. e4 c6 2. Nf3 d5 3. exd5 cxd5 4. Ne5 e6 5. Bb5+ Nd7 6. O-O Bd6 7. Re1 Ne7 8. b3 O-O 9. Bxd7 Bxd7 10. Bb2 f6 11. Nxd7 Qxd7 12. Qg4 Nf5 13. Nc3 Rae8 14. a4 Qf7 15. Nb5 Bb8 16. Ba3 a6 17. Bxf8 h5 18. Qh3 axb5 19. Bb4 Nd4 20. Qd3 Nc6 21. Qxb5 Qc7 22. g3 Kf7 23. c3 Ne5 24. Qe2 Qc6 25. Qxh5+ Kg8 26. Re3 Ba7 27. d4 Nf7 28. Rae1 e5 29. R3e2 e4 30. f3 Ng5 31. f4 Nf3+ 32. Qxf3 exf3 33. Rxe8+ Kh7 34. R1e6 Bxd4+ 35. cxd4 Qc2 36. Re2 fxe2 37. Kf2 Qd3 38. Be1 Qxd4+ 39. Re3 Kg6 40. Kxe2 Kf5 41. Rd3 Qe4+ 42. Kd2 d4 43. Bf2 Qg2 44. Ke2 Qxh2 45. Rxd4 g5 46. Rb4 g4 47. Rxb7 Qg2 48. Rb5+ Kg6 49. Rb4 Qf3+ 50. Ke1 Qc3+ 51. Ke2 Qxb4 52. a5 Qxa5 53. Be1 Qb5+ 54. Kf2 Qxb3 55. Kg2 Qf3+ 56. Kg1 Qe2 57. Bf2 Kf5 58. Kg2 Ke4 59. Kg1 Kf3 60. Kh1 Qf1+ 61. Kh2 Qg2# 0-1


[Site "https://www.chess.com"]

[Event "Titled Tuesday Blitz November 14 Late 2023"]
[White "aghasiyevkamal"]
[Black "Marcziter, Dmitrii"]
[BlackFideId "13900765"]
[WhiteElo "2572"]
[BlackElo "2432"]
[Result "1/2-1/2"]
[Round "8"]
[TimeControl "180+1"]
[Date "2023.11.14"]
[WhiteClock "0:00:08"]
[BlackClock "0:00:17"]
[Board "68"]

1. e4 c5 2. Nf3 a6 3. c3 d5 4. exd5 Qxd5 5. d4 Nf6 6. c4 Qe4+ 7. Be2 cxd4 8. Qxd4 Nc6 9. Qxe4 Nxe4 10. O-O Bg4 11. Nbd2 Nf6 12. h3 Bh5 13. b3 e6 14. Bb2 Be7 15. Rfd1 O-O 16. Nf1 Rfd8 17. Ng3 Bg6 18. Ne5 Nxe5 19. Bxe5 Bc2 20. Rxd8+ Rxd8 21. Rc1 Bg6 22. Bf3 Rd7 23. c5 Nd5 24. c6 bxc6 25. Rxc6 a5 26. Rc8+ Rd8 27. Rxd8+ Bxd8 28. Bxd5 exd5 29. Ne2 f6 30. Bc3 Bb1 31. a3 Bb6 32. Bd4 Bc7 33. Nc3 Bc2 34. b4 axb4 35. axb4 Bb3 36. b5 Kf7 37. g4 Ke6 38. Kg2 Bc4 39. Kf3 Ba5 40. Nd1 Bxb5 41. Ne3 Bd3 42. Kg3 Bc7+ 43. f4 g5 44. Ng2 Be4 45. Be3 Bxg2 46. Kxg2 gxf4 47. Bc5 Ke5 48. Kf3 d4 49. h4 d3 50. Bb4 Bb6 51. Bd2 Kd4 52. g5 fxg5 53. hxg5 Bc7 54. Be1 Be5 55. Bd2 Kc4 56. Ke4 Bc3 57. Bxf4 d2 58. Bxd2 Bxd2 59. Kf5 Bc3 60. Ke6 Kd3 61. Kf7 Ke4 62. Kg8 Kf5 63. Kxh7 Kxg5 1/2-1/2


[Site "https://www.chess.com"]

[Event "Titled Tuesday Blitz November 14 Late 2023"]
[White "Qiao, Cindy"]
[Black "Sanchez Alvares, Kelvin Antonio"]
[WhiteFideId "2620243"]
[BlackFideId "3906680"]
[WhiteElo "2414"]
[BlackElo "2568"]
[Result "1-0"]
[Round "8"]
[TimeControl "180+1"]
[Date "2023.11.14"]
[WhiteClock "0:01:31"]
[BlackClock "0:00:05"]
[Board "69"]

1. e4 e5 2. Nf3 Nc6 3. Bc4 Bc5 4. c3 Nf6 5. d3 d6 6. Bg5 h6 7. Bh4 a5 8. Nbd2 g5 9. Bg3 Bg4 10. Qb3 O-O 11. Qxb7 Ra7 12. Qb3 a4 13. Qc2 Na5 14. h4 Nh5 15. hxg5 hxg5 16. O-O-O Nxc4 17. Nxc4 Qf6 18. d4 Nxg3 19. fxg3 exd4 20. cxd4 Bxf3 21. gxf3 Bxd4 22. e5 Bxb2+ 23. Nxb2 Qg7 24. a3 dxe5 25. Rh2 e4 26. Qxe4 Ra6 27. Rdh1 Rg6 28. Qc4 Re8 29. Rh7 Qe5 30. Qxf7# 1-0


[Site "https://www.chess.com"]

[Event "Titled Tuesday Blitz November 14 Late 2023"]
[White "Karamsetty, Jeevan"]
[Black "hristos03"]
[WhiteFideId "2025337"]
[WhiteElo "2543"]
[BlackElo "2391"]
[Result "1-0"]
[Round "8"]
[TimeControl "180+1"]
[Date "2023.11.14"]
[WhiteClock "0:02:07"]
[BlackClock "0:00:06"]
[Board "70"]

1. e4 c5 2. Nf3 d6 3. Bb5+ Nd7 4. O-O Nf6 5. e5 dxe5 6. Nxe5 a6 7. Nxd7 Bxd7 8. Bxd7+ Qxd7 9. d3 g6 10. Nc3 Bg7 11. Qf3 O-O 12. Re1 b5 13. Bg5 Rad8 14. a3 h6 15. Bd2 Rfe8 16. Rab1 Qg4 17. Qb7 c4 18. Qxa6 cxd3 19. cxd3 Rxd3 20. Be3 Red8 21. Qxb5 Nh5 22. h3 Qc8 23. Ne4 Kh7 24. a4 Qe6 25. Nc5 Qa2 26. Nxd3 1-0


[Site "https://www.chess.com"]

[Event "Titled Tuesday Blitz November 14 Late 2023"]
[White "Garrido, Denis"]
[Black "Womacka, Mathias"]
[WhiteFideId "601217"]
[BlackFideId "4611390"]
[WhiteElo "2390"]
[BlackElo "2533"]
[Result "1-0"]
[Round "8"]
[TimeControl "180+1"]
[Date "2023.11.14"]
[WhiteClock "0:00:09"]
[BlackClock "0:00:00"]
[Board "71"]

1. e4 c5 2. Nf3 d6 3. d4 cxd4 4. Nxd4 Nf6 5. Nc3 a6 6. g3 e5 7. Nb3 Be7 8. Bg5 O-O 9. Bxf6 Bxf6 10. Qd3 Be6 11. O-O-O Be7 12. f4 Nd7 13. f5 Bxb3 14. axb3 Nf6 15. Qf3 b5 16. g4 b4 17. Nd5 Nxd5 18. Rxd5 Bg5+ 19. Kb1 Qc7 20. h4 Bf4 21. Bc4 a5 22. g5 a4 23. g6 Kh8 24. Qh5 fxg6 25. fxg6 h6 26. Rf1 axb3 27. cxb3 Rf6 28. Qg4 Qa7 29. Kc2 Qe3 30. Qg2 h5 31. Rd3 Qc5 32. Qe2 Raf8 33. Qxh5+ Bh6 34. Rdf3 Qd4 35. Bd3 Qc5+ 36. Kb1 Rxf3 37. Rxf3 1-0


[Site "https://www.chess.com"]

[Event "Titled Tuesday Blitz November 14 Late 2023"]
[White "Golubenko, Valentina"]
[Black "Ferreira, Vitor Hugo Vieira"]
[WhiteFideId "4501993"]
[BlackFideId "2119765"]
[WhiteElo "2368"]
[BlackElo "2519"]
[Result "1-0"]
[Round "8"]
[TimeControl "180+1"]
[Date "2023.11.14"]
[WhiteClock "0:00:21"]
[BlackClock "0:00:08"]
[Board "72"]

1. d4 d5 2. g3 Nf6 3. Bg2 c6 4. Nf3 Bf5 5. O-O h6 6. c4 e6 7. Nc3 Be7 8. Nd2 Nbd7 9. e4 dxe4 10. Ndxe4 O-O 11. Be3 Nxe4 12. Nxe4 Nf6 13. Nc3 Qc7 14. h3 Rfd8 15. Qe2 a6 16. Rfd1 Rd7 17. Rac1 Qa5 18. a3 Rad8 19. Ra1 Qc7 20. b4 b5 21. Rac1 bxc4 22. Qxc4 Nd5 23. Nxd5 exd5 24. Qxa6 Qa7 25. Rxc6 Qxa6 26. Rxa6 Rc7 27. Ra5 Be6 28. Rc1 Rxc1+ 29. Bxc1 Rc8 30. Be3 Rc3 31. Ra7 Bd6 32. Ra5 g5 33. Bxd5 Bxh3 34. Ra7 Bc7 35. b5 Be6 36. Bxe6 fxe6 37. a4 Kf8 38. a5 Ke8 39. b6 Bd6 40. a6 Kd8 41. Ra8+ Kd7 42. Kg2 Ra3 43. Kf3 Kc6 44. b7 Rb3 45. Rc8+ Bc7 46. Ke4 Kb6 47. b8=Q+ 1-0


[Site "https://www.chess.com"]

[Event "Titled Tuesday Blitz November 14 Late 2023"]
[White "Avalos Parra, Joao"]
[Black "Erzhanov, Arman"]
[WhiteFideId "3402541"]
[BlackFideId "4138821"]
[WhiteElo "2350"]
[BlackElo "2508"]
[Result "1-0"]
[Round "8"]
[TimeControl "180+1"]
[Date "2023.11.14"]
[WhiteClock "0:00:13"]
[BlackClock "0:00:08"]
[Board "73"]

1. d4 d6 2. c4 e5 3. d5 Be7 4. Nc3 Bg5 5. e4 Nd7 6. g3 Bxc1 7. Rxc1 a5 8. Bg2 Nc5 9. Nf3 Nf6 10. Nd2 O-O 11. O-O Re8 12. b3 b6 13. a3 Bd7 14. b4 axb4 15. axb4 Na4 16. Nxa4 Rxa4 17. Rb1 Qa8 18. Re1 Qa7 19. Nf1 Ra8 20. Ne3 Ra2 21. h3 Qa3 22. g4 h6 23. Qc1 Qd3 24. Rd1 Qe2 25. Rf1 R8a3 26. c5 bxc5 27. bxc5 dxc5 28. Qxc5 Kh7 29. Rbe1 Qa6 30. Qxc7 Bb5 31. Qxe5 Bxf1 32. Bxf1 Qc8 33. Bg2 Rd2 34. Qf4 Raa2 35. Rf1 Rd4 36. Nf5 Ng8 37. Nxg7 Rdd2 38. Nh5 Qd7 39. e5 Rxd5 40. Be4+ Kh8 41. Bxd5 Qxd5 42. Nf6 Nxf6 43. Qxf6+ Kh7 44. Qf5+ Kg7 45. g5 hxg5 46. Qxg5+ Kh7 47. Qf5+ Kh8 48. Re1 Ra8 49. Qf6+ Kh7 50. Qh4+ Kg7 51. Qg4+ Kh7 52. Qh4+ Kg7 53. Qe4 Qd8 54. Kg2 Ra6 55. Re3 Kf8 56. Rg3 Ke7 57. Qh4+ f6 58. Rg7+ Ke6 59. Qg4+ Kxe5 60. Qe2+ Kd6 61. Qxa6+ Kc5 62. Qa7+ Kd5 63. Rd7+ Qxd7 64. Qxd7+ Ke5 65. Qf7 Kf4 66. Qxf6+ Ke4 67. Qh4+ Kd5 68. Qg3 Ke6 69. h4 Kf7 70. h5 Kf8 71. h6 Ke8 72. h7 Kf7 73. h8=Q Ke6 74. Qh5 Ke7 75. Qg7+ 1-0


[Site "https://www.chess.com"]